[Event "fics rated crazyhouse match"]
[Site "fics, Oklahoma City, OK USA"]
[Date "2000.01.17"]
[White "pminear"]
[WhiteElo "2285"]
[Black "Leech"]
[BlackElo "2267"]
[TimeControl "180+0"]
[Result "1-0"]

1. e4 Nf6 2. e5 Nd5 3. d4 Nc6 4. Nf3 d6 5. Be2 Bg4 6. exd6 
exd6 7. O-O Be7 8. c4 Nb6 9. Nc3 O-O 10. d5 Ne5 11. Nxe5 Bxe2 
12. Qxe2 dxe5 13. N@f5 B@f6 14. Ne4 P@g6 15. Nxe7+ Qxe7 16. P@g5 Bxg5 17. Bxg5 
f6 18. Be3 P@f5 19. B@c5 N@d6 20. Nxd6 cxd6 21. B@e6+ Kh8 22. Bxb6 axb6 
23. N@d7 B@h5 24. f3 N@f4 25. Bxf4 exf4 26. Nxf8 Rxf8 27. N@f7+ Rxf7 28. Bxf7 
B@e3+ 29. B@f2 Qxf7 30. Bxe3 fxe3 31. B@e6 N@f4 32. Qxe3 N@e2+ 33. Kh1 B@h3 
34. Rf2 N@g3+ 35. hxg3 Nxg3+ 36. Kh2 Nf1+ 37. Raxf1 P@g3+ 38. Kxg3 Nxe6 39. dxe6 
B@f4+ 40. Qxf4 
{Leech forfeits on time} 1-0

[Event "fics rated crazyhouse match"]
[Site "fics, Oklahoma City, OK USA"]
[Date "2000.01.17"]
[White "Gnejs"]
[WhiteElo "2448"]
[Black "jtp"]
[BlackElo "2316"]
[TimeControl "60+0"]
[Result "1-0"]

1. e4 Nf6 2. Nc3 d5 3. exd5 Nxd5 4. d4 e6 5. Nxd5 Qxd5 6. Nf3 
Nc6 7. Be3 Bb4+ 8. c3 P@a3 9. cxb4 axb2 10. Rb1 N@c3 11. Qc2 Nxb1 
12. Qxb1 R@a1 13. Qxa1 bxa1=Q+ 14. B@c1 P@b2 15. R@d1 bxc1=Q 16. Bxc1 Qaxa2 17. Be2 
B@c4 18. P@d3 Bxd3 19. Bxd3 Nxb4 20. O-O P@a5 21. B@b5+ P@c6 22. Bbc4 Qd8 
23. Bxa2 Nxa2 24. N@h5 B@f6 25. P@g5 P@g4 26. gxf6 gxf3 27. B@h3 gxf6 28. P@g7 
Rg8 29. Bxh7 N@e2+ 30. Kh1 fxg2+ 31. Bxg2 Q@g4 32. N@f4 Rxg7 33. Nxg7+ Qxg7 
34. R@g8+ Qxg8 35. Bxg8 R@g7 36. Bxf7+ Kxf7 37. Nxe2 P@g4 38. Q@h5+ Ke7 39. N@g6+ 
Kd7 40. P@f5 B@d6 41. fxe6+ Kxe6 42. P@d5# 
{jtp forfeits on time} 1-0

[Event "fics rated crazyhouse match"]
[Site "fics, Oklahoma City, OK USA"]
[Date "2000.01.17"]
[White "jtp"]
[WhiteElo "2311"]
[Black "Gnejs"]
[BlackElo "2454"]
[TimeControl "60+0"]
[Result "1-0"]

1. e4 e6 2. Nf3 Nc6 3. Nc3 Nf6 4. Bb5 a6 5. Bxc6 dxc6 6. e5 
Nd5 7. Ne4 B@e7 8. d4 c5 9. dxc5 Bxc5 10. Nxc5 Bxc5 11. N@e4 Be7 
12. P@h6 Bb4+ 13. B@d2 Bxd2+ 14. Bxd2 B@f8 15. hxg7 Bxg7 16. B@h4 Qd7 17. Bdg5 
P@f5 18. Qxd5 Qxd5 19. N@f6+ Bxf6 20. Nxf6+ Kf8 21. Bh6+ P@g7 22. P@e7+ Kxe7 
23. Nxd5+ Kd7 24. Q@e7+ Kc6 25. Qxc7+ Kxd5 26. Qd6+ Kc4 27. B@d3# 
{Gnejs checkmated} 1-0

[Event "fics rated crazyhouse match"]
[Site "fics, Oklahoma City, OK USA"]
[Date "2000.01.17"]
[White "Gnejs"]
[WhiteElo "2441"]
[Black "jtp"]
[BlackElo "2322"]
[TimeControl "60+0"]
[Result "0-1"]

1. e4 Nf6 2. Nc3 d5 3. exd5 Nxd5 4. Nxd5 Qxd5 5. Nf3 Nc6 6. N@e3 
Qd8 7. d4 e6 8. d5 exd5 9. Qxd5 Be6 10. Qxd8+ Rxd8 11. Bb5 N@f4 
12. Bd2 P@d3 13. cxd3 Q@e2# 
{Gnejs checkmated} 0-1

[Event "fics rated crazyhouse match"]
[Site "fics, Oklahoma City, OK USA"]
[Date "2000.01.17"]
[White "Leech"]
[WhiteElo "2257"]
[Black "pminear"]
[BlackElo "2293"]
[TimeControl "180+0"]
[Result "1-0"]

1. e4 Nf6 2. e5 Nd5 3. Bc4 Nb6 4. Bxf7+ Kxf7 5. Nf3 e6 6. d4 
B@g6 7. Nc3 Bb4 8. O-O Bxc3 9. bxc3 Nd5 10. c4 Nc3 11. Qe1 N@e2+ 
12. Kh1 Nc6 13. Bd2 Ncxd4 14. Nxd4 Nxd4 15. Bxc3 P@f3 16. Bxd4 fxg2+ 17. Kxg2 
Qg5+ 18. P@g3 N@h4+ 19. Kh1 P@g2+ 20. Kg1 gxf1=Q+ 21. Qxf1 Nf3+ 22. Kh1 Nxd4 
23. B@f4 B@e4+ 24. N@g2 Qh5 25. N@g5+ Kf8 26. P@f6 h6 27. fxg7+ Kxg7 28. P@f6+ 
Kf8 29. P@g7+ Ke8 30. gxh8=Q+ R@f8 31. N@g7+ Kd8 32. Qxf8+ Be8 33. Qe7# 
{pminear checkmated} 1-0

[Event "fics rated crazyhouse match"]
[Site "fics, Oklahoma City, OK USA"]
[Date "2000.01.17"]
[White "jtp"]
[WhiteElo "2333"]
[Black "Gnejs"]
[BlackElo "2429"]
[TimeControl "60+0"]
[Result "0-1"]

1. e3 Nc6 2. b3 Nf6 3. Bb2 e5 4. Nf3 d6 5. Bb5 Bd7 6. d3 
a6 7. Bxc6 Bxc6 8. Nbd2 Be7 9. Rg1 Rg8 10. Qe2 B@e6 11. e4 Qd7 
12. Ng5 h6 13. Nxe6 Qxe6 14. B@h3 N@g4 15. f3 Nxh2 16. Bxe6 fxe6 17. O-O-O 
a5 18. g3 a4 19. Qxh2 a3 20. Bc3 B@b2+ 21. Bxb2 axb2+ 22. Kb1 B@c3 
23. N@c4 Bxd2 24. Rxd2 P@a3 25. B@c3 N@b5 26. B@g6+ Kd7 27. Bb4 Rgf8 28. Qh3 
Kc8 29. Qxe6+ Bd7 30. Qxe7 Rd8 31. c3 Na7 32. Qxg7 Nc6 33. Qxf6 Kb8 
34. Na5 Rxa5 35. Qxd8+ Nxd8 36. R@f8 N@b5 37. Kc2 Q@c8 38. c4 Nd4+ 39. Kd1 
Rc5 40. Ke1 b1=Q+ 41. Kf2 Qxg1+ 42. Kxg1 Nxf3+ 43. Kg2 R@e1 
{jtp forfeits on time} 0-1

[Event "fics rated crazyhouse match"]
[Site "fics, Oklahoma City, OK USA"]
[Date "2000.01.17"]
[White "Gnejs"]
[WhiteElo "2435"]
[Black "jtp"]
[BlackElo "2327"]
[TimeControl "60+0"]
[Result "1-0"]

1. d4 Nc6 2. Bf4 e6 3. e3 Nf6 4. Bd3 Bb4+ 5. c3 Be7 6. Nf3 
h6 7. O-O d6 8. Nbd2 Bd7 9. Re1 Rb8 10. e4 Ng4 11. Bg3 e5 
12. d5 Bg5 13. dxc6 bxc6 14. Nxg5 hxg5 15. B@f5 Bxf5 16. exf5 B@h5 17. Be2 
Nxh2 18. Bxh2 Bxe2 19. Qxe2 N@f4 20. Qg4 P@h3 21. Bxf4 gxf4 22. Qxg7 h2+ 
23. Kh1 Kd7 24. B@e6+ Ke7 25. Qxf7# 
{jtp checkmated} 1-0

[Event "fics rated crazyhouse match"]
[Site "fics, Oklahoma City, OK USA"]
[Date "2000.01.17"]
[White "pminear"]
[WhiteElo "2284"]
[Black "Leech"]
[BlackElo "2268"]
[TimeControl "180+0"]
[Result "1-0"]

1. e4 e6 2. Nc3 d5 3. exd5 exd5 4. Bb5+ Bd7 5. Qe2+ Be7 6. Bxd7+ 
Qxd7 7. B@h3 P@e6 8. Nf3 B@d6 9. Nxd5 exd5 10. Bxd7+ Nxd7 11. P@e6 fxe6 
12. Qxe6 B@f7 13. Qxf7+ Kxf7 14. P@e6+ Kxe6 15. Nd4+ Ke5 16. Q@e6+ Kxd4 17. B@e3+ 
Kc4 18. d3+ Kb5 19. Qxd7+ P@c6 20. a4+ Ka5 21. N@b3+ Kb4 22. P@c3# 
{Leech checkmated} 1-0

[Event "fics rated crazyhouse match"]
[Site "fics, Oklahoma City, OK USA"]
[Date "2000.01.17"]
[White "jtp"]
[WhiteElo "2321"]
[Black "Gnejs"]
[BlackElo "2441"]
[TimeControl "60+0"]
[Result "0-1"]

1. e4 Nc6 2. Nc3 Nf6 3. Nf3 d5 4. exd5 Nxd5 5. Bb5 e6 6. Ne5 
Bd7 7. Bxc6 Bxc6 8. d4 Nxc3 9. bxc3 B@f6 10. Nxf7 Kxf7 11. P@e5 Bxg2 
12. exf6 N@f3+ 13. Ke2 Qxf6 14. N@e4 Nxd4+ 15. cxd4 Qf3+ 16. Kd2 N@c4+ 17. Ke1 
Qxe4+ 18. Be3 N@f3+ 19. Qxf3+ Bxf3 20. N@g5+ Ke8 21. B@b5+ P@c6 22. Bxc4 Qxe3+ 
23. fxe3 B@h4+ 24. P@g3 Q@c3+ 25. N@d2 Qxa1+ 26. Kf2 Bxg5 27. N@e5 Bxe3+ 28. Kxe3 
R@e1+ 29. Kxf3 N@g5+ 30. Kg4 P@f5+ 31. Kxg5 P@f6+ 32. Kh4 Qxd4+ 33. B@f4 P@g5# 
{jtp forfeits on time} 0-1

[Event "fics rated crazyhouse match"]
[Site "fics, Oklahoma City, OK USA"]
[Date "2000.01.17"]
[White "Gnejs"]
[WhiteElo "2447"]
[Black "jtp"]
[BlackElo "2316"]
[TimeControl "60+0"]
[Result "1-0"]

1. d3 Nf6 2. Nf3 e6 3. Nc3 Nc6 4. Bg5 Bb4 5. e3 h6 6. Bh4 
d6 7. Be2 Bd7 8. O-O Bxc3 9. bxc3 N@f5 10. Bg3 e5 11. e4 Nxg3 
12. hxg3 B@b2 13. B@d2 Bxa1 14. Qxa1 Rb8 15. Qb1 R@b6 16. B@b3 Qe7 17. N@f5 
Bxf5 18. exf5 d5 19. c4 e4 20. cxd5 Nxd5 21. Bxd5 exf3 22. Bexf3 Rxb1 
23. Rxb1 P@e2 24. Bxc6+ Kf8 25. Bxe2 Qxe2 26. N@d7+ Kg8 27. Nxb8 Q@d1+ 28. Rxd1 
Qxd1+ 29. R@e1 N@e2+ 30. Kh1 R@f1+ 31. Kh2 Rxe1 32. R@e8+ Kh7 33. P@g6+ fxg6 
34. fxg6+ Kxg6 35. N@h4+ Kf7 36. Q@f5+ R@f6 37. B@g6# 
{jtp checkmated} 1-0

[Event "fics rated crazyhouse match"]
[Site "fics, Oklahoma City, OK USA"]
[Date "2000.01.17"]
[White "Thufir"]
[WhiteElo "2361"]
[Black "LINDEGREN"]
[BlackElo "2246"]
[TimeControl "120+0"]
[Result "0-1"]

1. e4 Nf6 2. Nc3 e6 3. d4 d5 4. exd5 Nxd5 5. Bd3 Nc6 6. Nf3 
Bb4 7. Bd2 Qe7 8. P@e5 P@g4 9. Ng5 Nxd4 10. Qxg4 P@c4 11. Qxd4 cxd3 
12. Qxd3 Bxc3 13. bxc3 N@f4 14. Bxf4 Nxf4 15. Qg3 Nh5 16. Qe3 B@f4 17. B@c5 
Bxe3 18. Bxe7 Q@d2# 
{Thufir resigns} 0-1

[Event "fics rated crazyhouse match"]
[Site "fics, Oklahoma City, OK USA"]
[Date "2000.01.17"]
[White "Leech"]
[WhiteElo "2259"]
[Black "pminear"]
[BlackElo "2292"]
[TimeControl "180+0"]
[Result "1-0"]

1. e4 Nf6 2. e5 Nd5 3. Bc4 Nf4 4. Bxf7+ Kxf7 5. Qf3 B@h6 6. P@e3 
g5 7. exf4 gxf4 8. Nh3 Nc6 9. Nxf4 Nxe5 10. Qh5+ Ng6 11. P@g5 Bxg5 
12. Qxg5 P@f6 13. Qh5 Bg7 14. B@f5 e5 15. Bxg6+ hxg6 16. Qxg6+ Kf8 17. Qxg7+ 
Kxg7 18. N@f5+ Kg8 19. N@e7+ Kf8 20. P@g7+ Ke8 21. gxh8=Q+ B@f8 22. Qxf8+ Kxf8 
23. R@g8+ Kf7 24. B@g6# 
{pminear checkmated} 1-0

[Event "fics rated crazyhouse match"]
[Site "fics, Oklahoma City, OK USA"]
[Date "2000.01.17"]
[White "jtp"]
[WhiteElo "2311"]
[Black "Gnejs"]
[BlackElo "2452"]
[TimeControl "60+0"]
[Result "0-1"]

1. e4 Nc6 2. Nc3 Nf6 3. Nf3 d5 4. exd5 Nxd5 5. Bb5 Nxc3 6. bxc3 
N@f4 7. Rg1 Bd7 8. d4 e6 9. Bxf4 a6 10. Bxc6 Bxc6 11. Ne5 B@b2 
12. P@d2 Bxa1 13. Qxa1 Bd6 14. Nxc6 bxc6 15. B@e5 Rb8 16. B@b2 N@a4 17. Bxd6 
cxd6 18. N@h5 Rxb2 19. Nxg7+ Kd7 20. B@g3 R@b1+ 21. Qxb1 Rxb1+ 22. N@d1 Rxd1+ 
23. Kxd1 N@b2+ 24. Kc1 Nd3+ 25. cxd3 P@b2+ 26. Kc2 B@d1+ 27. Kxd1 Q@c1+ 28. Ke2 
Qxg1 29. R@b7+ B@c7 30. Bxd6 R@e1+ 31. Kf3 Rg8 32. N@c5+ Nxc5 33. N@e5+ Rxe5 
34. Bdxe5 N@g5# 
{jtp forfeits on time} 0-1

[Event "fics rated crazyhouse match"]
[Site "fics, Oklahoma City, OK USA"]
[Date "2000.01.17"]
[White "Gnejs"]
[WhiteElo "2457"]
[Black "jtp"]
[BlackElo "2306"]
[TimeControl "60+0"]
[Result "1-0"]

1. d4 Nf6 2. Bf4 e6 3. e3 Nc6 4. Nf3 b6 5. Bd3 Bb7 6. O-O 
d6 7. Nbd2 Be7 8. c3 Ng4 9. Re1 e5 10. Bg3 Qd7 11. d5 Na5 
12. c4 c6 13. b4 cxd5 14. bxa5 bxa5 15. N@f5 e4 16. cxd5 Qxf5 17. Bxe4 
Qh5 18. P@c6 Bc8 19. P@d7+ Bxd7 20. cxd7+ Kxd7 21. B@f5+ P@e6 22. Bxg4 Qxg4 
23. N@e5+ dxe5 24. Nxe5+ Ke8 25. Qxg4 B@a4 26. Qxg7 
{jtp resigns} 1-0

[Event "fics rated crazyhouse match"]
[Site "fics, Oklahoma City, OK USA"]
[Date "2000.01.17"]
[White "LINDEGREN"]
[WhiteElo "2257"]
[Black "Thufir"]
[BlackElo "2350"]
[TimeControl "120+0"]
[Result "1-0"]

1. e4 e6 2. Nc3 Nc6 3. d4 Nf6 4. Nf3 Bb4 5. Bd3 d5 6. exd5 
exd5 7. Qe2+ P@e4 8. Bb5 Bg4 9. Rg1 Qe7 10. P@g5 exf3 11. Qxe7+ Bxe7 
12. gxf6 Bxf6 13. gxf3 Bxf3 14. Bxc6+ bxc6 15. P@d7+ Kf8 16. Q@c8+ Q@d8 17. Qxd8+ 
Rxd8 18. N@f4 Q@e7+ 19. Be3 N@c4 20. N@f5 P@d2+ 21. Kf1 B@h3+ 22. Nxh3 P@g2+ 
23. Rxg2 Nxe3+ 24. Nxe3 Bxg2+ 25. Kxg2 Bxd4 26. N@f5 B@e4+ 27. Nxe4 Qxe4+ 28. B@f3 
N@h4+ 29. Nxh4 R@g6+ 30. P@g3 Qxh4 31. B@g4 Qe7 32. N@f5 N@e1+ 33. Kf1 Nxf3 
34. Nxe7 B@a6+ 35. Kg2 Ne1+ 36. Kh1 P@g2+ 37. Nxg2 Nxg2 38. Nxg6+ hxg6 39. R@e8+ 
Rxe8 40. dxe8=Q+ Kxe8 41. Q@d7+ Kf8 42. Q@e8# 
{Thufir checkmated} 1-0

[Event "fics rated crazyhouse match"]
[Site "fics, Oklahoma City, OK USA"]
[Date "2000.01.17"]
[White "jtp"]
[WhiteElo "2301"]
[Black "Gnejs"]
[BlackElo "2462"]
[TimeControl "60+0"]
[Result "0-1"]

1. e4 e6 2. Nc3 Nc6 3. Nf3 Nf6 4. Bb5 a6 5. Bxc6 dxc6 6. e5 
Nd5 7. Nxd5 cxd5 8. d4 B@b4+ 9. c3 Bbe7 10. N@h5 N@e4 11. Rg1 Bd7 
12. Be3 Bb5 13. g4 Ng5 14. Bxg5 Bxg5 15. Nxg5 Qxg5 16. N@f6+ gxf6 17. Nxf6+ 
Kd8 18. B@e3 B@f4 19. Bxf4 Qxg4 20. Qxg4 N@d3+ 21. Kd2 N@c4+ 22. Kc2 Ncxb2 
23. B@g5 P@e7 24. Nxd5 Nc4 25. Kxd3 Nxe5+ 26. Ke4 Nxg4 27. Q@g3 Q@c2+ 28. Kf3 
Qe2# 
{jtp forfeits on time} 0-1

[Event "fics rated crazyhouse match"]
[Site "fics, Oklahoma City, OK USA"]
[Date "2000.01.17"]
[White "Thufir"]
[WhiteElo "2340"]
[Black "LINDEGREN"]
[BlackElo "2267"]
[TimeControl "120+0"]
[Result "1-0"]

1. e4 Nf6 2. Nc3 e6 3. d4 Bb4 4. e5 Ne4 5. Bd2 Nxd2 6. Qxd2 
Bxc3 7. bxc3 B@h6 8. B@e3 Bxe3 9. Qxe3 N@d5 10. Qd2 B@b2 11. N@h5 Rg8 
12. B@g5 Bxc3 13. Qxc3 Nxc3 14. Bxd8 P@d2+ 15. Kxd2 Ne4+ 16. Ke3 Q@d2+ 17. Kxe4 
d5+ 18. exd6 f5+ 19. Kf3 Qc3+ 20. Bd3 Qc6+ 21. Ke2 Qxd6 22. P@f7+ Kf8 
23. Q@e8# 
{LINDEGREN checkmated} 1-0

[Event "fics rated crazyhouse match"]
[Site "fics, Oklahoma City, OK USA"]
[Date "2000.01.17"]
[White "pminear"]
[WhiteElo "2283"]
[Black "Leech"]
[BlackElo "2270"]
[TimeControl "180+0"]
[Result "1-0"]

1. e4 e6 2. Nc3 Nf6 3. e5 Nd5 4. Ne4 Nc6 5. d4 d6 6. Nf3 
Be7 7. Be2 O-O 8. O-O f5 9. exf6 Nxf6 10. Nxf6+ Bxf6 11. N@h5 P@e4 
12. Nxf6+ Qxf6 13. Ng5 Nxd4 14. Nxe4 Nxe2+ 15. Qxe2 Qe7 16. B@c3 e5 17. N@d5 
Qf7 18. P@e7 Qxd5 19. exf8=Q+ Kxf8 20. P@h6 gxh6 21. Bxh6+ P@g7 22. Bxg7+ Kxg7 
23. P@f6+ Kg8 24. P@g7 Bf5 25. R@h8+ Kf7 26. Rxa8 Bxe4 27. g8=Q+ Kxf6 28. Qxd5 
N@h3+ 29. Kh1 Bxd5 30. Rf8+ P@f7 31. Q@h6+ N@g6 32. Qxh3 N@f4 33. Rxf7+ Kxf7 
34. Qxh7+ B@g7 35. N@h6+ Ke8 36. P@f7+ Kd7 37. f8=N+ Kc6 38. P@b5+ Kb6 39. f3 
Bxf3 40. Qxf3 Ne2 41. Qxe2 
{Leech forfeits on time} 1-0

[Event "fics rated crazyhouse match"]
[Site "fics, Oklahoma City, OK USA"]
[Date "2000.01.17"]
[White "LINDEGREN"]
[WhiteElo "2261"]
[Black "Thufir"]
[BlackElo "2346"]
[TimeControl "120+0"]
[Result "1-0"]

1. e4 e6 2. Nc3 Nc6 3. Nf3 Nf6 4. d4 Bb4 5. Bd3 d5 6. exd5 
exd5 7. Qe2+ P@e4 8. Bb5 Bg4 9. Rg1 Qe7 10. P@g5 Nh5 11. Bd2 Rd8 
12. Bxc6+ bxc6 13. N@e5 exf3 14. gxf3 N@f4 15. Bxf4 Nxf4 16. Qd2 Ng6 17. Rxg4 
Nxe5 18. dxe5 Qxe5+ 19. P@e3 N@c4 20. Rxc4 dxc4 21. Qxd8+ Kxd8 22. R@b8+ B@c8 
23. N@b7+ Ke7 24. B@d4 R@h1+ 25. N@f1 Bxc3+ 26. bxc3 N@g2+ 27. Kd2 Qxg5 28. B@f4 
Nxf4 29. exf4 Qxf4+ 30. N@e3 Qg5 31. Rxc8 Rxc8 32. h4 Qxh4 33. B@c5+ P@d6 
34. Nxd6 cxd6 35. Bxd6+ Kxd6 36. N@f5+ Kd7 37. Nxh4 N@e4+ 38. fxe4 R@e2+ 39. Kxe2 
P@d3+ 40. cxd3 cxd3+ 41. Kxd3 B@b5+ 42. c4 B@e2+ 43. Kxe2 Q@b2+ 44. Kf3 B@e2+ 
45. Kf4 
{Thufir forfeits on time} 1-0

[Event "fics rated crazyhouse match"]
[Site "fics, Oklahoma City, OK USA"]
[Date "2000.01.17"]
[White "Leech"]
[WhiteElo "2261"]
[Black "pminear"]
[BlackElo "2291"]
[TimeControl "180+0"]
[Result "1-0"]

1. e4 Nf6 2. e5 Nd5 3. Bc4 Nb4 4. Bxf7+ Kxf7 5. Nf3 e6 6. d4 
Be7 7. Nc3 N8c6 8. P@h6 gxh6 9. Bxh6 B@g6 10. P@f6 Bxf6 11. exf6 Qxf6 
12. B@e5 Nxe5 13. dxe5 Qe7 14. Ng5+ Ke8 15. O-O B@h4 16. Qg4 P@g7 17. Qxh4 
gxh6 18. B@f6 B@f8 19. Bxe7 Bxe7 20. Qxh6 B@f4 21. P@g7 Rg8 22. N@f6+ Kd8 
23. Nxg8 Bfxg5 24. R@f8+ N@e8 25. Rxe8+ Bxe8 26. Qxh7 P@f3 27. gxf3 P@g2 28. Nxe7 
gxf1=Q+ 29. Rxf1 Nxc2 30. B@f6 Bxf6 31. exf6 P@g2 32. Kxg2 B@c4 33. Rg1 R@g5+ 
34. P@g4 
{pminear forfeits on time} 1-0

[Event "fics rated crazyhouse match"]
[Site "fics, Oklahoma City, OK USA"]
[Date "2000.01.17"]
[White "Thufir"]
[WhiteElo "2336"]
[Black "LINDEGREN"]
[BlackElo "2271"]
[TimeControl "120+0"]
[Result "0-1"]

1. e4 Nf6 2. Nc3 e6 3. d4 d5 4. exd5 Nxd5 5. Bd3 Bb4 6. Bd2 
Nc6 7. Nf3 Qe7 8. P@e5 P@g4 9. Ng5 Nxd4 10. Qxg4 Bxc3 11. bxc3 Nf5 
12. P@e4 h5 13. Qe2 N@f4 14. Bxf4 Nxf4 15. Qf1 B@b2 16. B@b4 P@d6 17. exf5 
Qxg5 18. N@e4 Nxd3+ 19. Qxd3 Qxg2 20. N@g3 exf5 21. N@f6+ gxf6 22. Nxf6+ Kf8 
23. P@g7+ Kxg7 24. Ngxh5+ Kh6 25. P@g5+ Qxg5 26. Ng3 P@d2+ 27. Kf1 P@g2+ 28. Kxg2 
N@f4+ 29. Kg1 N@h3+ 30. Kf1 P@g2# 
{Thufir checkmated} 0-1

[Event "fics rated crazyhouse match"]
[Site "fics, Oklahoma City, OK USA"]
[Date "2000.01.17"]
[White "pminear"]
[WhiteElo "2282"]
[Black "Leech"]
[BlackElo "2271"]
[TimeControl "180+0"]
[Result "0-1"]

1. e4 e6 2. Nc3 d5 3. exd5 exd5 4. Bb5+ c6 5. Qe2+ Be7 6. Ba4 
Nf6 7. d4 Bg4 8. f3 Bf5 9. Bf4 Nbd7 10. P@d6 P@e4 11. dxe7 Qxe7 
12. B@d6 Qe6 13. fxe4 dxe4 14. Bb3 P@d5 15. Bfe5 P@c7 16. Bxc7 O-O 17. Bcd6 
Rfe8 18. h3 Nxe5 19. Bxe5 Nd7 20. P@g4 Nxe5 21. gxf5 Qxf5 22. dxe5 P@f2+ 
23. Qxf2 Qxf2+ 24. Kxf2 e3+ 25. Kxe3 Rxe5+ 26. P@e4 B@g5+ 27. P@f4 Bxf4+ 28. Kxf4 
B@g5+ 29. Kxe5 Q@f6# 
{pminear checkmated} 0-1

[Event "fics rated crazyhouse match"]
[Site "fics, Oklahoma City, OK USA"]
[Date "2000.01.17"]
[White "LINDEGREN"]
[WhiteElo "2280"]
[Black "Thufir"]
[BlackElo "2327"]
[TimeControl "120+0"]
[Result "0-1"]

1. e4 e6 2. d4 Nc6 3. Nc3 Nf6 4. Nf3 Bb4 5. Bd3 d5 6. exd5 
exd5 7. Qe2+ P@e4 8. Bb5 Bg4 9. P@g5 Nh5 10. h3 Bxf3 11. gxf3 Bxc3+ 
12. bxc3 N@f4 13. Bxf4 Nxf4 14. Qd2 N@g2+ 15. Kd1 exf3 16. B@a3 B@e2+ 17. Bxe2 
fxe2+ 18. Kc1 B@f1 19. B@e1 Nxe1 20. Qxe1 P@g2 21. Rg1 Qxg5 22. B@e3 P@h2 
23. N@f3 hxg1=Q 24. Nxg5 R@d1+ 25. Kb2 Rxe1 26. Rxe1 Q@b5+ 27. R@b3 B@c4 28. Rxb5 
Bxb5 29. Bxf4 R@f6 30. Bxc7 Rc8 31. P@e7 Nxe7 32. Bxe7 Kxe7 33. Q@c5+ P@d6 
34. Bxd6+ Rxd6 35. Qxd6+ Kxd6 36. Q@e5+ Kc6 37. N@e7+ Kb6 38. N@d7+ Ka6 39. N@c5+ 
Ka5 
{LINDEGREN forfeits on time} 0-1

[Event "fics rated crazyhouse match"]
[Site "fics, Oklahoma City, OK USA"]
[Date "2000.01.17"]
[White "Thufir"]
[WhiteElo "2334"]
[Black "LINDEGREN"]
[BlackElo "2273"]
[TimeControl "120+0"]
[Result "0-1"]

1. e4 Nf6 2. Nc3 e6 3. d4 d5 4. exd5 Nxd5 5. Bd3 Bb4 6. Bd2 
Nc6 7. Nf3 Qe7 8. P@b5 P@g4 9. bxc6 gxf3 10. N@h5 fxg2 11. Nxg7+ Kd8 
12. Rg1 Bxc3 13. bxc3 N@h4 14. B@e4 bxc6 15. P@g3 Nf5 16. Bxg2 P@e3 17. Nxf5 
exf5 18. fxe3 Nxe3 19. P@f6 Nxg2+ 20. Kf2 P@e3+ 21. Kxg2 P@h3+ 22. Kf1 B@g2+ 
23. Rxg2 hxg2+ 24. Kxg2 Qxf6 25. Bxe3 f4 26. Bxf4 P@h3+ 27. Kg1 N@g5 28. B@e4 
R@g2+ 29. Bxg2 hxg2 30. Bxg5 Qxg5 31. R@e2 B@h1 32. P@e7+ Qxe7 33. Rxe7 N@h3# 
{Thufir checkmated} 0-1

[Event "fics rated crazyhouse match"]
[Site "fics, Oklahoma City, OK USA"]
[Date "2000.01.17"]
[White "Leech"]
[WhiteElo "2280"]
[Black "pminear"]
[BlackElo "2274"]
[TimeControl "180+0"]
[Result "0-1"]

1. e4 Nf6 2. e5 Nd5 3. Bc4 Nb6 4. Bxf7+ Kxf7 5. d4 d6 6. Nf3 
c6 7. Ng5+ Ke8 8. e6 Qc7 9. P@d7+ N8xd7 10. exd7+ Bxd7 11. Qh5+ B@g6 
12. Qxg6+ hxg6 13. B@f7+ Kd8 14. N@e6+ Kc8 15. Nxc7 Kxc7 16. Bxg6 N@h4 17. Be4 
P@d5 18. Bf3 P@g4 19. Rg1 gxf3 20. Nxf3 Nxf3+ 21. gxf3 Rxh2 22. Be3 N@g2+ 
23. Rxg2 Rxg2 24. Nd2 P@g3 25. O-O-O Rxf2 26. Bxf2 gxf2 27. R@e2 P@c3 28. bxc3 
B@a3+ 29. P@b2 Bxb2+ 30. Kxb2 Na4+ 31. Ka3 Q@b2+ 32. Kxa4 R@a3# 
{Leech checkmated} 0-1

[Event "fics rated crazyhouse match"]
[Site "fics, Oklahoma City, OK USA"]
[Date "2000.01.17"]
[White "LINDEGREN"]
[WhiteElo "2282"]
[Black "Thufir"]
[BlackElo "2325"]
[TimeControl "120+0"]
[Result "0-1"]

1. e4 e6 2. Nc3 Nc6 3. d4 Nf6 4. Nf3 Bb4 5. Bd3 d5 6. exd5 
exd5 7. Qe2+ P@e4 8. Bb5 Bg4 9. P@g5 Nh5 10. Rg1 Qe7 11. Bxc6+ bxc6 
12. N@e5 exf3 13. gxf3 N@f4 14. Bxf4 Nxf4 15. Qd2 Bxc3 16. bxc3 N@g2+ 17. Kd1 
Bxf3+ 18. Kc1 Rb8 19. P@d7+ Qxd7 20. B@b3 B@a3+ 21. N@b2 Bxb2+ 22. Kxb2 N@c4+ 
23. Nxc4 dxc4 24. a3 cxb3 25. Rge1+ P@e2 26. B@c4 N@a4+ 27. Kb1 P@a2+ 28. Rxa2 
bxa2+ 29. Ka1 R@b1# 
{LINDEGREN resigns} 0-1

[Event "fics rated crazyhouse match"]
[Site "fics, Oklahoma City, OK USA"]
[Date "2000.01.17"]
[White "pminear"]
[WhiteElo "2282"]
[Black "Leech"]
[BlackElo "2271"]
[TimeControl "180+0"]
[Result "1-0"]

1. e4 e6 2. Nc3 Nf6 3. e5 Nd5 4. Ne4 d6 5. Nf3 Nc6 6. d4 
Be7 7. Be2 O-O 8. O-O f5 9. exf6 Nxf6 10. Nxf6+ Bxf6 11. N@h5 e5 
12. d5 Nd4 13. Nxd4 exd4 14. Nxf6+ Qxf6 15. B@g5 Qe5 16. P@h6 gxh6 17. Bxh6 
P@g7 18. Bhg5 P@f6 19. Bgf4 Qe7 20. P@e6 Bxe6 21. dxe6 Qxe6 22. B@b3 Qxb3 
23. axb3 P@e5 24. Bc4+ P@f7 25. Bh6 N@f5 26. Bxg7 Kxg7 27. P@h6+ Kh8 28. N@e7 
N@h4 29. Qg4 Rg8 30. Nxg8 Rxg8 31. Qxg8+ Kxg8 32. R@e8+ B@f8 33. R@h8+ Kxh8 
34. Rxf8+ B@g8 35. B@g7+ Nxg7 36. hxg7+ Kxg7 37. Q@h6+ Kh8 38. Rxg8+ Kxg8 39. N@e7+ 
Kh8 40. B@g7# 
{Leech checkmated} 1-0

[Event "fics rated crazyhouse match"]
[Site "fics, Oklahoma City, OK USA"]
[Date "2000.01.17"]
[White "Thufir"]
[WhiteElo "2332"]
[Black "LINDEGREN"]
[BlackElo "2275"]
[TimeControl "120+0"]
[Result "0-1"]

1. e4 e6 2. Nc3 b6 3. d4 Bb7 4. f3 d5 5. e5 Ne7 6. Bg5 
h6 7. Bh4 Qd7 8. Nh3 Nf5 9. Bf2 Be7 10. Bd3 O-O 11. Bxf5 exf5 
12. N@h5 B@g6 13. Nxg7 Kxg7 14. P@f6+ Kh7 15. fxe7 Qxe7 16. B@f6 Qd7 17. Nf4 
P@g7 18. Nxg6 fxg6 19. Bxg7 Qxg7 20. P@f6 Qd7 21. B@g7 Re8 22. O-O N@f4 
23. Bg3 B@e3+ 24. Kh1 Nh5 25. Qe2 f4 26. Bf2 Bxf2 27. Rxf2 B@e3 28. B@g4 
N@g3+ 29. hxg3 Nxg3+ 30. Kh2 Nxe2 31. Nxe2 P@g3+ 32. Nxg3 fxg3+ 33. Kxg3 Bxf2+ 
34. Kxf2 Qxg4 35. fxg4 N@e4+ 36. Kg1 B@f2+ 37. Kh1 Ng3+ 38. Kh2 Nf1+ 39. Rxf1 
Q@g3+ 40. Kh1 R@h2# 
{Thufir checkmated} 0-1

[Event "fics rated crazyhouse match"]
[Site "fics, Oklahoma City, OK USA"]
[Date "2000.01.17"]
[White "LINDEGREN"]
[WhiteElo "2284"]
[Black "Thufir"]
[BlackElo "2323"]
[TimeControl "120+0"]
[Result "0-1"]

1. e4 e6 2. Nc3 Nc6 3. d4 Nf6 4. Nf3 Bb4 5. Bd3 d5 6. exd5 
exd5 7. Qe2+ P@e4 8. Bb5 Bg4 9. P@g5 Nh5 10. h3 Bxf3 11. gxf3 Bxc3+ 
12. bxc3 N@f4 13. Bxf4 Nxf4 14. Qd2 N@g2+ 15. Kd1 exf3 16. B@a3 B@e2+ 17. Bxe2 
fxe2+ 18. Kc1 B@f1 19. N@f3 P@e4 20. Ne1 Nxe1 21. Qxe1 N@g2 22. Rxf1 exf1=Q 
23. Qxf1 Qxg5 24. B@d2 P@e2 25. Qxe2 Nxe2+ 26. Kb2 R@b6+ 27. B@b3 Qxd2 28. P@d7+ 
Kxd7 29. N@c5+ Kc8 30. B@d7+ Kb8 31. Na4 B@d3 32. Bxc6 Rxc6 33. N@b5 B@e6 
34. P@d7 Bxd7 
{LINDEGREN forfeits on time} 0-1